 Dungeon Crawl Stone Soup version 0.22-a0-283-g1871b15 (webtiles) character file.

95 newphone the Magician (level 4, 0/35 HPs)
             Began as a Human Wanderer on Mar 18, 2018.
             Slain by a bullfrog zombie (6 damage)
             ... on level 5 of the Dungeon.
             The game lasted 00:08:28 (3553 turns).

newphone the Magician (Human Wanderer)              Turns: 3553, Time: 00:08:29

Health: 0/35       AC:  2    Str: 13    XL:     4   Next: 95%
Magic:  9/11       EV: 18    Int: 12    God:
Gold:   112        SH:  0    Dex: 18    Spells: 0/13 levels left

rFire    . . .     SeeInvis .   e - +1 whip
rCold    . . .     Gourm    .   (no shield)
rNeg     . . .     Faith    .   c - +0 robe
rPois    .         Spirit   .   (no helmet)
rElec    .         Reflect  .   (no cloak)
rCorr    .         Harm     .   (no gloves)
MR       .....                  (no boots)
Stlth    +++.......             (no amulet)
HPRegen  0.11/turn              i - +2 ring of evasion (curse)
MPRegen  0.12/turn              (no ring)

@: agile
A: no striking features
a: no special abilities


You were on level 5 of the Dungeon.
You were not hungry.

You visited 1 branch of the dungeon, and saw 5 of its levels.

You collected 112 gold pieces.

Inventory:

Hand Weapons
 b - a +0 blowgun
 e - a +1 whip (weapon)
 k - a +0 hunting sling
Missiles
 a - 87 stones (quivered)
Armour
 c - a +0 robe (worn)
Jewellery
 i - a cursed +2 ring of evasion (left hand)
 l - an uncursed ring of fire {unknown}
Scrolls
 n - a scroll of fear {unknown}
Potions
 d - a potion of flight
 g - a potion of magic
Comestibles
 f - 6 rations


   Skills:
 - Level 3.0 Fighting
 - Level 1.0 Stealth
   Level 1.0 Shields
 - Level 5.0 Spellcasting
 * Level 1.3 Conjurations
   Level 2.0 Hexes
 * Level 2.3 Ice Magic


You couldn't memorise any spells.
You knew the following spells:

 Your Spells              Type           Power        Failure   Level  Hunger
a - Freeze                Ice            #...         8%          1    None
b - Throw Frost           Conj/Ice       #.....       14%         2    ##.....
c - Ozocubu's Armour      Chrm/Ice       #.......     36%         3    ###....
d - Throw Icicle          Conj/Ice       #.......     67%         4    ####...
e - Mephitic Cloud        Conj/Pois/Air  #.......     45%         3    ###....


Dungeon Overview and Level Annotations

Branches:
Dungeon (5/15)
 Temple: D:4-7

Altars:


Message History

Aiming: Freeze (safe; 8% risk of failure)
Press: ? - help, Shift-Dir - straight line, f/p - bullfrog zombie
Aim: a bullfrog zombie (almost destroyed)
You freeze the bullfrog zombie.
The bullfrog zombie completely resists.
The bullfrog zombie is almost destroyed.
The bullfrog zombie completely misses you.
Casting: Freeze (safe; 8% risk of failure)
Confirm with . or Enter, or press ? or * to list all spells.
Aiming: Freeze (safe; 8% risk of failure)
Press: ? - help, Shift-Dir - straight line, f/p - bullfrog zombie
Aim: a bullfrog zombie (almost destroyed)
You freeze the bullfrog zombie.
The bullfrog zombie completely resists.
The bullfrog zombie is almost destroyed.
The bullfrog zombie barely misses you.
You hit the bullfrog zombie.
The bullfrog zombie is almost destroyed.
The bullfrog zombie hits you.
* * * LOW HITPOINT WARNING * * *
The bullfrog zombie hits you.
You die...

.....##.# ...##.#
#####.##.########
#...............#
#.....#########.#
#..##.# #.# #.
#.# #.# . #<#
#.######### #.#
#<@Z....$.. #.#
#####...... ..#
##### .## .. ..
...


You could see a bullfrog zombie.

Vanquished Creatures
  A howler monkey (D:4)
  3 oozes
  A worm (D:4)
  2 leopard geckos (D:1)
  A ball python (D:2)
  2 giant cockroaches
  4 goblins
  5 hobgoblins
  2 bats
  A frilled lizard (D:1)
  12 kobolds
  3 rats (D:1)
37 creatures vanquished.

Notes
Turn   | Place    | Note
-------+----------+-------------------------------------------
     0 | D:1      | newphone the Human Wanderer began the quest for the Orb.
     0 | D:1      | newphone set off with: a +0 robe, a +0 club, a ration
     0 | D:1      | Reached XP level 1. HP: 13/13 MP: 6/6
     3 | D:1      | Learned a level 1 spell: Freeze
   293 | D:1      | Reached skill level 1 in Fighting
   346 | D:1      | Reached XP level 2. HP: 6/22 MP: 5/8
  1175 | D:1      | Reached XP level 3. HP: 22/28 MP: 5/9
  1852 | D:2      | Learned a level 2 spell: Throw Frost
  1856 | D:2      | Learned a level 3 spell: Ozocubu's Armour
  2507 | D:3      | Reached XP level 4. HP: 29/35 MP: 4/11
  3102 | D:4      | Reached skill level 1 in Conjurations
  3266 | D:5      | Entered Level 5 of the Dungeon
  3446 | D:5      | Learned a level 4 spell: Throw Icicle
  3450 | D:5      | Learned a level 3 spell: Mephitic Cloud
  3486 | D:5      | Noticed an ice beast
  3553 | D:5      | Slain by a bullfrog zombie

Vault maps used:
D:1:      nzn_arrival_depleted_hourglass
D:2:      lemuel_round_altar, nicolae_ru_the_path_less_chosen,
          minmay_goblin_kobold_house, uniq_natasha, uniq_robin
D:3:      marbit_many_paths, first_ration
D:4:      corexii_shantytown, temple_green
D:5:      lightli_temple_of_fire

Skill      XL: |  1  2  3  4 |
---------------+-------------+-----
Fighting       | 1 2 3 |  3.0
Conjurations   | 1 |  1.3
Ice Magic      | 2 |  2.3
Stealth        | |  1.0
Shields        | |  1.0
Spellcasting   | |  5.0
Hexes          | |  2.0

Action                   |  1- 3 |  4- 6 || total
-------------------------+-------+-------++-------
Melee: Club              |     7 |       ||     7
       Whip              |    67 |    19 ||    86
 Fire: Blowgun           |     1 |    20 ||    21
 Cast: Freeze            |    36 |     7 ||    43
       Throw Frost       |       |     1 ||     1
  Use: Scroll            |     5 |     1 ||     6
       Potion            |       |     2 ||     2
  Eat: Ration            |     1 |     1 ||     2
       Chunk             |     1 |       ||     1
Armor: Robe              |    12 |     2 ||    14
Dodge: Dodged            |    60 |    21 ||    81

Table legend:
 A = Spawn XP
 B = Non-spawn XP
 C = Spawn XP percentage of total XP
 D = Spawn monster count
 E = Non-spawn monster count
 F = Spawn count percentage of total count
 G = Total turns spent on level
                    A         B        C        D         E        F      G
               +---------+---------+-------+---------+---------+-------+---------
         Total |       0 |     136 |   0.0 |       0 |      37 |   0.0 |  3553
               +---------+---------+-------+---------+---------+-------+---------
           D:1 |       0 |      42 |   0.0 |       0 |      19 |   0.0 |  1715
           D:2 |       0 |      20 |   0.0 |       0 |      11 |   0.0 |   453
           D:3 |       0 |      13 |   0.0 |       0 |       4 |   0.0 |   509
           D:4 |       0 |      61 |   0.0 |       0 |       3 |   0.0 |   589
               +---------+---------+-------+---------+---------+-------+---------
